 Dungeon Crawl Stone Soup version 0.29.1-15-g9cfb28693d (webtiles) character file.

Game seed: 74911847991046091

32 Artool the Trooper (level 3, -2/29 HPs)
             Began as a Demonspawn Fighter on Apr 11, 2023.
             Slain by a gnoll
             ... wielding a +0 whip
              (5 damage)
             ... on level 2 of the Dungeon.
             The game lasted 00:01:32 (1181 turns).

Artool the Trooper (Demonspawn Fighter)             Turns: 1181, Time: 00:01:33

Health: -2/29      AC:  6    Str: 18    XL:     3   Next: 10%
Magic:  3/3        EV:  9    Int:  9    God:
Gold:   57         SH:  4    Dex: 12    Spells: 2/2 levels left

rFire   . . .      SeeInvis .   a - +0 flail
rCold   . . .      Faith    .   c - +0 buckler
rNeg    . . .      Spirit   .   b - +0 scale mail
rPois   .          Reflect  .   (no helmet)
rElec   .          Harm     .   (no cloak)
rCorr   .          Rampage  .   (no gloves)
Will    .....                   (no boots)
Stlth   ..........              (no amulet)
HPRegen 0.09/turn               (no ring)
MPRegen 0.08/turn               (no ring)

@: no status effects
A: ignite blood 1
a: no special abilities


You were on level 2 of the Dungeon.
You visited 1 branch of the dungeon, and saw 2 of its levels.

You collected 57 gold pieces.

Inventory:

Hand Weapons
 a - a +0 flail (weapon)
Armour
 b - a +0 scale mail (worn)
 c - a +0 buckler (worn)
Scrolls
 e - 2 scrolls of teleportation {unknown}
 g - a scroll of poison {unknown}
 h - 2 scrolls of identify {unknown}
 j - a scroll of summoning {unknown}
 l - 3 scrolls of immolation {unknown}
Potions
 d - 2 potions of might
 f - a potion of haste {unknown}
 i - a potion of curing {unknown}
 k - a potion of ambrosia {unknown}


   Skills:
 + Level 3.4 Fighting
 + Level 2.3 Maces & Flails
 + Level 3.1 Armour
 - Level 2.6 Shields


You had 2 spell levels left.
You didn't know any spells.
Your spell library contained the following spells:

 Spells                   Type           Power      Damage    Failure   Level
 Beastly Appendage        Tmut           0%         N/A       86%         1
 Wereblood                Tmut           0%         N/A       95%         2
 Spider Form              Tmut/Pois      0%         N/A       99%         3


Dungeon Overview and Level Annotations

Branches:
Dungeon (2/15)

Altars:

Shops:
D:1 ?


Innate Abilities, Weirdness & Mutations

Your demonic aura sometimes causes spilled blood to erupt in flames.


Message History

The gnoll shouts!
There are monsters nearby!
The gnoll barely misses you.
There are monsters nearby!
You sock the gnoll!
The gnoll is heavily wounded.
A gnoll comes into view. It is wielding a +0 whip.
The gnoll barely misses you.
There are monsters nearby!
The gnoll shouts!
You hit the gnoll but do no damage.
The gnoll hits you from afar with a +0 spear.
The gnoll closely misses you.
There are monsters nearby!
You closely miss the gnoll. The gnoll hits you but does no damage.
The gnoll hits you from afar with a +0 spear.
The gnoll hits you with a +0 whip. You block the gnoll's attack.
There are monsters nearby!
You barely miss the gnoll. The gnoll hits you but does no damage.
You block the gnoll's attack. The gnoll attacks as you move away!
The gnoll barely misses you.
You see here 9 gold pieces.
You see here 4 stones.
The gnoll attacks as you move away! The gnoll closely misses you.
The gnoll attacks as you move away! The gnoll completely misses you.
The gnoll attacks as you move away! The gnoll hits you with a +0 whip.
The gnoll attacks as you move away! The gnoll hits you with a +0 whip.
The gnoll attacks as you move away! The gnoll hits you with a +0 whip.
The gnoll attacks as you move away! The gnoll closely misses you.
The gnoll attacks as you move away! The gnoll hits you with a +0 whip.
The gnoll attacks as you move away! The gnoll hits you with a +0 whip!
* * * LOW HITPOINT WARNING * * *
The gnoll attacks as you move away! The gnoll barely misses you.
The gnoll attacks as you move away! The gnoll hits you with a +0 whip.
* * * LOW HITPOINT WARNING * * *
The gnoll attacks as you move away! The gnoll hits you but does no damage.
The gnoll attacks as you move away! The gnoll closely misses you.
The gnoll attacks as you move away! The gnoll barely misses you.
The gnoll attacks as you move away! The gnoll hits you with a +0 whip.
You die...

################
#...............
####.##.####.##...<
####..................
#..........####.##....
#.##.##.#### #.......
#.##.#######.###..#
#........)<..#<....
#.@####)####.#.#..#
#.g# #... #......#
#..# ###.####.#..†
#.g# #.# #.#...
##♣#♣#♣.# #.####.#...
###.g...g.#
#......#.##
##...♣.♣.♣.# #.......
.#####...####...#
#.......
............#####
#.......


You could see 3 gnolls.

Vanquished Creatures
  An adder (D:2)
  2 endoplasms
  4 goblins
  3 hobgoblins
  A ball python (D:1)
  5 bats (D:1)
  A frilled lizard (D:1)
  4 kobolds (D:1)
  2 rats (D:1)
23 creatures vanquished.

Vanquished Creatures (others)
  11 plants (D:2)
11 creatures vanquished.

Grand Total: 34 creatures vanquished

Notes
Turn   | Place    | Note
-------+----------+-------------------------------------------
     0 | D:1      | Artool the Demonspawn Fighter began the quest for the Orb.
     0 | D:1      | Reached XP level 1. HP: 18/18 MP: 1/1
   207 | D:1      | Gained mutation: Your demonic aura sometimes causes spilled
                  | blood to erupt in flames. [demonic ancestry]
   207 | D:1      | Reached XP level 2. HP: 24/24 MP: 2/2
   280 | D:1      | Found Darua's Magic Scroll Boutique.
   742 | D:2      | Reached XP level 3. HP: 7/29 MP: 3/3
  1181 | D:2      | Slain by a gnoll

Illustrated notes

Levels and vault maps discovered:
D:1:      spicycebolla_green_bress_n_ham_2, layout_basic, serial_shops, shop
D:2:      layout_loops_ring, serial_forest, infiniplex_forest_end_1,
          infiniplex_forest_clump_curved, infiniplex_forest_straight_3,
          infiniplex_forest_lined_1, infiniplex_forest_3_way,
          infiniplex_forest_clump_small, infiniplex_forest_clump_medium,
          hellmonk_ecumenical_altar_inner_sanctum

Skill      XL: |  1  2 |
---------------+-------+-----
Maces & Flails | 2 |  2.3
Armour         | 3 |  3.1
Fighting       | |  3.4
Shields        | |  2.6

Action                   || total
-------------------------++-------
Melee: Flail             ||    67
Armor: Scale mail        ||    42
Dodge: Dodged            ||    38
Block: Buckler           ||    19
